 Dungeon Crawl Stone Soup version 0.28.0-43-g3370ac3207 (webtiles) character file.

Game seed: 14552776937451160987

800 crimpus the Skirmisher (level 7, -1/114 HPs)
             Began as an Ogre Berserker on Mar 11, 2022.
             Was a Believer of Trog.
             Killed by divine providence
             ... invoked by an orc priest
              (12 damage)
             ... on level 5 of the Dungeon.
             The game lasted 00:06:28 (5750 turns).

crimpus the Skirmisher (Ogre Berserker)             Turns: 5750, Time: 00:06:28

Health: -1/114     AC:  4    Str: 24    XL:     7   Next: 90%
Magic:  0/7        EV:  7    Int:  8    God:    Trog [**....]
Gold:   300        SH:  9    Dex:  8    Spells: 6/6 levels left

rFire   . . .      SeeInvis .   a - +0 mace
rCold   . . .      Faith    .   u - +0 tower shield
rNeg    . . .      Spirit   +   j - +1 robe {Will+}
rPois   .          Reflect  .   (helmet restricted)
rElec   .          Harm     .   (no cloak)
rCorr   .          Rampage  .   (gloves unavailable)
Will    +....                   (boots unavailable)
Stlth   ..........              f - amulet of guardian spirit
HPRegen 0.29/turn               (no ring)
MPRegen 0.10/turn               (no ring)

@: berserking (expiring), very quick
A: large, unfitting armour, tough skin 1
a: Renounce Religion, Berserk, Trog's Hand


You were on level 5 of the Dungeon.
You worshipped Trog.
Trog was pleased with you.
You visited 1 branch of the dungeon, and saw 5 of its levels.

You collected 300 gold pieces.

Inventory:

Hand Weapons
 a - a +0 mace (weapon)
 w - a +0 giant club
Armour
 j - a +1 robe of willpower (worn)
 l - the -7 pair of boots of Pan-Flutes {Harm rF+}
   (You found it on level 2 of the Dungeon)

   rF:        It protects you from fire.
   Harm:      It increases damage dealt and taken.
 u - a +0 tower shield (worn)
Jewellery
 f - an amulet of guardian spirit (around neck)
 h - a ring of ice
 m - a ring of protection from cold
Wands
 n - a wand of mindburst (14)
Scrolls
 b - a scroll of amnesia {unknown}
 c - a scroll of fear {unknown}
 d - 2 scrolls of teleportation {unknown}
 e - a scroll of magic mapping {unknown}
 i - a scroll of immolation {unknown}
 k - 4 scrolls of identify {unknown}
 q - a scroll of enchant armour {unknown}
 r - a scroll of fog {unknown}
 t - a scroll of enchant weapon {unknown}
Potions
 g - 2 potions of heal wounds
 o - 2 potions of mutation {unknown}
 p - a potion of degeneration {unknown}
 s - a potion of magic {unknown}
 v - a potion of attraction {unknown}


   Skills:
 + Level 6.8 Fighting
 + Level 5.9 Maces & Flails
 + Level 4.6 Dodging
 - Level 1.0 Stealth
 + Level 0.7 Shields


You had 6 spell levels left.
You didn't know any spells.
Your spell library was empty.

Dungeon Overview and Level Annotations

Branches:
Dungeon (5/15)             Temple (0/1) D:4

Altars:

Shops:
D:1 *


Innate Abilities, Weirdness & Mutations

You are too large for most types of armour.
You have tough skin. (AC +1)


Message History

You barely miss the gnoll. The gnoll hits you with a +0 flail!
An orc priest comes into view. It is wielding a +0 club.
You hit the gnoll.
The gnoll is moderately wounded.
The gnoll hits you with a +0 flail.
An orc comes into view. It is wielding a +0 club.
You sock the gnoll!
You kill the gnoll!
Trog accepts your kill.
An orc comes into view. It is wielding a +0 flail.
You barely miss the gnoll. The gnoll hits you with a +0 whip.
You thump the orc!
You kill the orc!
Trog accepts your kill. The gnoll hits you with a +0 whip.
* * * LOW HITPOINT WARNING * * *
An orc priest comes into view. It is wielding a +0 whip.
The orc barely misses you.
Things that are here:
a +0 club; a +0 scale mail; a hound corpse You sock the orc!
You kill the orc!
Trog accepts your kill.
The orc priest casts a cantrip, but nothing happens.
The gnoll hits you with a +0 whip.
* * * LOW HITPOINT WARNING * * *
You hit the orc priest.
The orc priest is lightly wounded.
The orc priest hits you but does no damage.
The gnoll hits you with a +0 whip!
* * * LOW HITPOINT WARNING * * *
You hit the orc priest.
The orc priest is heavily wounded.
The orc priest mumbles some strange prayers to Beogh against you.
Beogh smites you!
* * * LOW HITPOINT WARNING * * *
The gnoll closely misses you.
The orc priest mumbles some strange prayers to Beogh against you.
Beogh smites you!
You die...

#.# #.# ... #.# #Z# #l#
#n# #g# #@# #########
########o########........
........o................
.........................
#
########..####.##.#######
## #..# #.##.# . #..#
#.##.# ###
#..####.##.####### ..#
#..(..............


You could see a necrophage, an iguana, 2 orc priests, a gnoll and a centaur
zombie.

Vanquished Creatures
  A necrophage (D:4)
  An ogre (D:5)
  2 phantoms
  3 hounds
  An orc priest (D:3)
  Natasha (thrice) (D:4)
  Terence (D:2)
  An orc wizard (D:4)
  Robin (D:2)
  2 gnolls (D:5)
  7 adders
  A white imp (D:5)
  A worm (D:4)
  3 dart slugs
  11 orcs
  5 ball pythons
  3 endoplasms
  11 giant cockroaches
  12 goblins
  13 hobgoblins
  8 jackals
  9 kobolds
  7 quokkas
  3 bats
  A frilled lizard (D:2)
  4 rats
115 creatures vanquished.

Vanquished Creatures (others)
  A goblin (D:2)
1 creature vanquished.

Grand Total: 116 creatures vanquished

Notes
Turn   | Place    | Note
-------+----------+-------------------------------------------
     0 | D:1      | crimpus the Ogre Berserker began the quest for the Orb.
     0 | D:1      | Reached XP level 1. HP: 24/24 MP: 1/1
   210 | D:1      | Reached XP level 2. HP: 33/33 MP: 2/2
   279 | D:1      | HP: 1/49 [hobgoblin (2)]
   628 | D:1      | Found Diast's General Store.
   655 | D:1      | Reached XP level 3. HP: 37/40 MP: 3/3
   778 | D:1      | Found a faded altar of an unknown god.
  1164 | D:2      | Noticed Terence
  1180 | D:2      | Killed Terence
  1181 | D:2      | Reached XP level 4. HP: 33/49 MP: 2/4
  1625 | D:2      | Reached skill level 5 in Fighting
  2011 | D:2      | Identified the -7 pair of boots of Pan-Flutes {Harm rF+}
  2171 | D:2      | Noticed Robin
  2188 | D:2      | Killed Robin
  2197 | D:2      | Reached ** piety under Trog
  2440 | D:2      | Reached XP level 5. HP: 57/57 MP: 5/5
  2728 | D:3      | Noticed a phantom
  2740 | D:3      | Killed a phantom
  2800 | D:3      | Reached XP level 6. HP: 57/66 MP: 4/6
  3963 | D:4      | Noticed a necrophage
  3974 | D:4      | Killed a necrophage
  3975 | D:4      | Reached skill level 6 in Fighting
  3975 | D:4      | Reached skill level 5 in Maces & Flails
  4097 | D:4      | Found a staircase to the Ecumenical Temple.
  4113 | D:4      | Noticed Natasha
  4123 | D:4      | Killed Natasha
  4124 | D:4      | Reached XP level 7. HP: 51/75 MP: 5/7
  4306 | D:4      | Noticed Natasha
  4316 | D:4      | Killed Natasha
  4966 | D:4      | Noticed Natasha
  4983 | D:4      | Killed Natasha
  5383 | D:5      | Entered Level 5 of the Dungeon
  5397 | D:5      | Reached skill level 1 in Stealth
  5750 | D:5      | Killed from afar by an orc priest

Illustrated notes

Levels and vault maps discovered:
D:1:      nagdon_arrival_double_spiral, layout_loops_ring, serial_shops, shop,
          shapermc_ecumenical_altar_ellora
D:2:      minmay_roachtagon, layout_basic, minmay_indecisive_spiral, uniq_robin,
          uniq_terence
D:3:      layout_basic
D:4:      layout_basic, minmay_temple_entry_glass, uniq_natasha
D:5:      layout_basic, ebering_ghost_reflecting_pool

Skill      XL: |  1  2  3  4  5  6  7 |
---------------+----------------------+-----
Maces & Flails | 3 4 5 |  5.9
Dodging        | 3 4 |  4.6
Fighting       | 5 6 |  6.8
Stealth        | 1 |  1.0
Shields        | |  0.7

Action                   |  1- 3 |  4- 6 |  7- 9 || total
-------------------------+-------+-------+-------++-------
Melee: Mace              |    81 |   198 |    99 ||   378
       Punch             |     1 |     1 |       ||     2
Invok: Berserk           |     2 |     5 |     6 ||    13
  Use: Potion            |       |     2 |       ||     2
 Stab: Sleeping          |       |       |     1 ||     1
Armor: Animal skin       |    19 |       |       ||    19
       Robe              |       |   103 |    26 ||   129
Dodge: Dodged            |    49 |   133 |    54 ||   236
Block: Tower shield      |       |       |    26 ||    26
